 Dungeon Crawl Stone Soup version 0.25.0-11-g1f837a76a1 (webtiles) character file.

Game seed: 12166169944613951053

873 Dirian the Carver (level 7, -4/61 HPs)
             Began as a Minotaur Fighter on June 26, 2020.
             Slain by Pikel
             ... wielding a +2 whip of electrocution
              (20 damage)
             ... on level 4 of the Dungeon.
             The game lasted 00:04:59 (3314 turns).

Dirian the Carver (Minotaur Fighter)                Turns: 3314, Time: 00:04:59

Health: -4/61      AC: 10    Str: 23    XL:     7   Next: 74%
Magic:  6/6        EV:  8    Int:  5    God:
Gold:   161        SH: 10    Dex:  9    Spells: 6/6 levels left

rFire    . . .     SeeInvis .   a - +0 long sword
rCold    . . .     Gourm    .   c - +0 kite shield
rNeg     . . .     Faith    .   b - +0 scale mail
rPois    .         Spirit   .   (helmet restricted)
rElec    .         Reflect  .   m - +0 cloak (curse)
rCorr    .         Harm     .   (no gloves)
MR       .....                  f - +0 pair of boots
Stlth    ..........             (no amulet)
HPRegen  0.20/turn              (no ring)
MPRegen  0.10/turn              (no ring)

@: no status effects
A: retaliatory headbutt, horns 2
a: no special abilities


You were on level 4 of the Dungeon.
You were hungry.

You visited 2 branches of the dungeon, and saw 5 of its levels.

You collected 161 gold pieces.

Inventory:

Hand Weapons
 a - a +0 long sword (weapon)
 i - a +1 dagger of venom
Armour
 b - a +0 scale mail (worn)
 c - a +0 kite shield (worn)
 f - a +0 pair of boots (worn)
 m - a cursed +0 cloak (worn)
 o - a +2 cloak
Jewellery
 l - a +6 ring of dexterity {unknown}
Scrolls
 h - 3 scrolls of immolation
 j - 2 scrolls of amnesia {unknown}
 k - a scroll of remove curse {unknown}
 n - a scroll of enchant weapon {unknown}
 r - 2 scrolls of identify
 t - 3 scrolls of teleportation
Potions
 d - a potion of might
Comestibles
 e - 7 rations
 g - 12 chunks of flesh


   Skills:
 + Level 5.0 Fighting
 * Level 8.1 Long Blades
 + Level 5.8 Armour
 + Level 5.6 Shields


You had 6 spell levels left.
You didn't know any spells.
Your spell library was empty.

Dungeon Overview and Level Annotations

Branches:
Dungeon (4/15)             Temple (1/1) D:4

Altars:
Ashenzari
Cheibriados
Fedhas
Hepliaklqana
Makhleb
Nemelex Xobeh
Okawaru
Qazlal
Sif Muna
Trog
Uskayaw
Vehumet
Wu Jian
Xom
The Shining One

Annotations:
D:4 Pikel


Innate Abilities, Weirdness & Mutations

You reflexively headbutt those who attack you in melee.
You have a pair of horns on your head.


Message History

Pikel hits you with a +2 whip of electrocution.
Your shield and scale mail prevent you from hitting Pikel.
Pikel is almost dead.
Pikel hits you with a +2 whip of electrocution.
You are electrocuted!!
You block Pikel's attack.
You are too injured to fight recklessly!
You are too injured to fight recklessly!
You are too injured to fight recklessly!
You are too injured to fight recklessly!
You are too injured to fight recklessly!
You are too injured to fight recklessly!
You hit Pikel but do no damage.
Pikel is almost dead.
You block Pikel's attack.
You hit Pikel.
Pikel is almost dead.
Pikel hits you with a +2 whip of electrocution.
* * * LOW HITPOINT WARNING * * *
You are electrocuted!!
You die...

#<..>...# #.)...>.###
#.........# ###.......#.##
..#..†....#..#
#.###.######.##########
#...#.# #..........# ###)..#
############## ##..#
#......@Kpppp#
###...#####.#########...
.........#........#
##.##.##....##....#
#.##....##.##÷####
##.###..###....##
..........>.#...#######
............#.#.......###
...#..........#######...#####


You could see Pikel and 4 slaves.

Vanquished Creatures
  Sigmund (D:2)
  Edmund (D:4)
  A centaur (D:3)
  A scorpion (D:4)
  A howler monkey (D:2)
  A hound (D:4)
  A centaur skeleton (D:4)
  2 orc priests
  An orc wizard (D:4)
  An iguana (D:4)
  Natasha (D:2)
  2 worker ants (D:4)
  6 adders
  3 gnolls (D:3)
  2 oozes
  A worm (D:4)
  3 dart slugs
  A leopard gecko (D:2)
  4 orcs (D:4)
  A ball python (D:1)
  5 bats
  4 giant cockroaches
  6 goblins
  8 hobgoblins
  15 jackals
  2 quokkas (D:4)
  7 frilled lizards
  8 kobolds
  4 rats
94 creatures vanquished.

Notes
Turn   | Place    | Note
-------+----------+-------------------------------------------
     0 | D:1      | Dirian the Minotaur Fighter began the quest for the Orb.
     0 | D:1      | Reached XP level 1. HP: 19/19 MP: 0/0
   127 | D:1      | Reached XP level 2. HP: 24/27 MP: 1/1
   415 | D:1      | Reached skill level 3 in Long Blades
   512 | D:1      | Reached XP level 3. HP: 33/33 MP: 2/2
   719 | D:2      | Reached XP level 4. HP: 40/40 MP: 3/3
   721 | D:2      | Reached skill level 4 in Long Blades
   728 | D:2      | Noticed Sigmund
   746 | D:2      | Killed Sigmund
   746 | D:2      | Reached skill level 5 in Long Blades
   746 | D:2      | Reached XP level 5. HP: 35/47 MP: 4/4
  1280 | D:2      | Reached XP level 6. HP: 53/53 MP: 5/5
  1332 | D:2      | Noticed Natasha
  1344 | D:2      | Killed Natasha
  1544 | D:3      | Reached skill level 6 in Long Blades
  1544 | D:3      | Reached skill level 5 in Shields
  1633 | D:3      | Reached skill level 5 in Armour
  1863 | D:3      | Found an iron altar of Okawaru.
  2217 | D:4      | Noticed Edmund
  2219 | D:3      | HP: 2/53 [orc priest/+0 short sword (6)]
  2545 | D:4      | Found a staircase to the Ecumenical Temple.
  2563 | Temple   | Entered the Ecumenical Temple
  2817 | D:4      | Reached XP level 7. HP: 59/60 MP: 6/6
  2827 | D:4      | Reached skill level 7 in Long Blades
  2914 | D:4      | Killed Edmund
  3039 | D:4      | Reached skill level 5 in Fighting
  3039 | D:4      | Reached skill level 8 in Long Blades
  3291 | D:4      | Noticed Pikel
  3314 | D:4      | Slain by Pikel

Illustrated notes

Levels and vault maps discovered:
D:1:      wander_arrival_fairy_ring, layout_rooms, st_stairs_4,
          minmay_hexomino_u4
D:2:      layout_loops_ring, first_ration, uniq_natasha, uniq_sigmund
D:3:      layout_basic, okawaru_metal_pillars_3, skrybe_limestone_x
D:4:      layout_rooms, minitemple, temple_fountains, uniq_pikel, uniq_edmund
Temple:   eino_temple_water

Skill      XL: |  1  2  3  4  5  6  7 |
---------------+----------------------+-----
Armour         | 4 5 |  5.8
Long Blades    | 3 5 6 8 |  8.1
Fighting       | 4 5 |  5.0
Shields        | 4 5 |  5.6

Action                   |  1- 3 |  4- 6 |  7- 9 || total
-------------------------+-------+-------+-------++-------
Melee: Long sword        |    69 |    97 |    87 ||   253
       Headbutt          |     5 |    19 |    14 ||    38
  Use: Potion            |       |     2 |       ||     2
       Scroll            |       |     4 |       ||     4
  Eat: Chunk             |       |     4 |       ||     4
       Ration            |       |     1 |       ||     1
Armor: Scale mail        |    26 |    28 |    17 ||    71
       Skin              |       |     1 |       ||     1
Dodge: Dodged            |    26 |    28 |    18 ||    72
Block: Kite shield       |    30 |    51 |    35 ||   116
       Rpst.: Long sword |     7 |     9 |     5 ||    21
